 Dungeon Crawl Stone Soup version 0.27-a0-1154-gfdeffcb720 (webtiles) character file.

Game seed: 9078937402207624900

30 Froggeryz the Chopper (level 3, -4/26 HPs)
             Began as a Ghoul Wanderer on May 14, 2021.
             Was a Follower of Fedhas.
             Slain by Sigmund
             ... wielding a +0 scythe
              (6 damage)
             ... on level 2 of the Dungeon.
             The game lasted 00:01:17 (1241 turns).

Froggeryz the Chopper (Ghoul Wanderer)              Turns: 1241, Time: 00:01:18

Health: -4/26      AC:  5    Str: 16    XL:     3   Next: 20%
Magic:  2/2        EV: 10    Int:  9    God:    Fedhas [*.....]
Gold:   50         SH:  0    Dex:  6    Spells: 2/2 levels left

rFire    . . .     SeeInvis .   a - +2 hand axe
rCold    + . .     Faith    .   (no shield)
rNeg     + + +     Spirit   .   c - +0 ring mail
rPois    ∞         Reflect  .   (no helmet)
rElec    .         Harm     .   (no cloak)
rCorr    .         Rampage  .   (no gloves)
Will     .....                  (no boots)
Stlth    ..........             (no amulet)
HPRegen  0.00/turn              (no ring)
MPRegen  0.08/turn              (no ring)

@: flying
A: claws 1, cold resistance 1, negative energy resistance 3, inhibited
regeneration, torment resistance 2
a: Renounce Religion


You were on level 2 of the Dungeon.
You worshipped Fedhas.
Fedhas was aware of your devotion.
You visited 1 branch of the dungeon, and saw 2 of its levels.

You collected 50 gold pieces.

Inventory:

Hand Weapons
 a - a +2 hand axe (weapon)
Armour
 c - a +0 ring mail (worn)
Scrolls
 e - a scroll of vulnerability {unknown}
 f - a scroll of identify {unknown}
 h - a scroll of fear {unknown}
Potions
 b - 2 potions of curing


   Skills:
 - Level 2.6 Long Blades
 - Level 3.6 Axes
 - Level 1.0 Armour
 * Level 3.0 Unarmed Combat
 - Level 1.7 Evocations


You had 2 spell levels left.
You didn't know any spells.
Your spell library was empty.

Dungeon Overview and Level Annotations

Branches:
Dungeon (2/15)

Altars:
Fedhas

Annotations:
D:2 Sigmund


Innate Abilities, Weirdness & Mutations

You thrive by killing the living.
You are immune to poison.
You have sharp fingernails.
Your flesh is cold resistant. (rC+)
You are immune to negative energy. (rN+++)
You do not regenerate when monsters are visible.
You are immune to unholy pain and torment.


Message History

Fedhas accepts your kill.
No target in view!
No target in view!
No target in view!
Found 20 arrows.
Sigmund is nearby!
Sigmund is nearby!
Sigmund shouts!
Found a ring mail.
It was a potion of flight.
You feel very buoyant.
You fly up into the air.
Sigmund whispers, "You'll know eternity soon."
It was a potion of magic.
Magic courses through your body. Sigmund gestures at you while chanting.
You are confused.
You bump into the rock wall.
You bump into the rock wall.
Sigmund closely misses you.
You bump into the rock wall.
You feel less confused. Sigmund barely misses you.
Sigmund hits you from afar with a +0 scythe!
Sigmund points at you and mumbles some strange words.
The magic dart hits you. Sigmund gestures at you while chanting.
The puff of flame misses you.
Sigmund points at you and mumbles some strange words.
You are confused.
Sigmund gestures at you while chanting. You resist with significant effort.
You feel less confused. Sigmund gestures at you while chanting.
The magic dart hits you!
* * * LOW HITPOINT WARNING * * *
Sigmund laughs darkly.
There is a stone staircase leading up here.
Sigmund hits you from afar with a +0 scythe.
You die...
Fedhas appreciates your contribution to the ecosystem.

#...[.... #......# #...#
##........
#......########...##
.........
+.............'.....
#.....(..
#......########...##
##...... #..........# #####.
#.....##############....####
#.
+...........................
#.
#.....#######....###....###.
## ..............@.@# #....#
# ..###########....# ######
..# #....# ..# #...)# #.#
#....# .# ..# #....# + #.#
### #....# #. #.# # ...###
#.. #.# # ....' .. #.# #


You could see Sigmund.

Vanquished Creatures
  3 ball pythons (D:1)
  5 endoplasms
  4 giant cockroaches
  3 goblins
  2 hobgoblins
  3 bats
  2 frilled lizards
  3 kobolds
  A rat (D:1)
26 creatures vanquished.

Notes
Turn   | Place    | Note
-------+----------+-------------------------------------------
     0 | D:1      | Froggeryz the Ghoul Wanderer began the quest for the Orb.
     0 | D:1      | Froggeryz set off with the following items: a +2 hand axe,
                  | a potion of curing, a +0 ring mail
     0 | D:1      | Reached XP level 1. HP: 14/14 MP: 0/0
    83 | D:1      | Reached skill level 1 in Unarmed Combat
   104 | D:1      | Reached XP level 2. HP: 19/20 MP: 1/1
   615 | D:1      | Found a faded altar of an unknown god.
   832 | D:1      | Became a worshipper of Fedhas Madash
   832 | D:1      | Reached * piety under Fedhas
   879 | D:2      | Reached XP level 3. HP: 22/26 MP: 2/2
  1043 | D:2      | Noticed Sigmund
  1241 | D:2      | Slain by Sigmund

Illustrated notes

Levels and vault maps discovered:
D:1:      lightli_arrival_lavapool, layout_basic,
          shapermc_ecumenical_altar_flowoftime
D:2:      minmay_door_path, layout_basic, uniq_sigmund

Skill      XL: |  1  2  3 |
---------------+----------+-----
Unarmed Combat | 1 2 3 |  3.0
Long Blades    | |  2.6
Axes           | |  3.6
Armour         | |  1.0
Evocations     | |  1.7

Action                   || total
-------------------------++-------
Melee: Hand axe          ||    72
       Punch             ||     1
  Use: Potion            ||     2
Armor: Ring mail         ||    28
Dodge: Dodged            ||    40

Table legend: (Time is in decaauts)
 A = Elapsed time spent in this place.
 B = Non-inter-level travel time spent in this place.
 C = Inter-level travel time spent in this place.
 D = Time resting spent in this place.
 E = Time spent auto-exploring this place.
 F = Levels seen in this place.
 G = Mean time per level.
                   A        B        C        D        E       F      G
               +--------+--------+--------+--------+--------+-----+--------+
         Total |   1250 |   1170 |     80 |      0 |    972 |   2 |  625.0 |
       Dungeon |   1250 |   1170 |     80 |      0 |    972 |   2 |  625.0 |
               +--------+--------+--------+--------+--------+-----+--------+

Top non-repeatable levels by time:
     D:1: 922 daAuts
     D:2: 328 daAuts
